 Dungeon Crawl Stone Soup version 0.31-a0-920-g28cbb04a8c (webtiles) character file.

Game seed: 13932936011692294745

42 Azuregosa the Covert (level 3, 0/26 HPs)
             Began as an Octopode Delver on Oct 17, 2023.
             Was an Initiate of Cheibriados.
             Slain by an orc wizard
             ... wielding a +0 dagger
              (1 damage)
             ... on level 5 of the Dungeon.
             The game lasted 00:02:45 (605 turns).

Azuregosa the Covert (Octopode Delver)               Turns: 605, Time: 00:02:45

Health: 0/26       AC:  1    Str: 12    XL:     3   Next: 56%
Magic:  3/3        EV: 13    Int: 13    God:    Cheibriados [......]
Gold:   16         SH:  0    Dex: 16    Spells: 2/2 levels left

rFire   . .          .
                       - Unarmed
rCold   . . .        (no shield)
rNeg    . . .        (helmet restricted)
rPois   .            (no amulet)
rElec   .            (no ring)
rCorr   .            (no ring)
SInv    .            (no ring)
Will    .....        (no ring)
Stlth   +++++        (no ring)
HPRegen 0.24/turn    (no ring)
MPRegen 0.08/turn    (no ring)
                     (no ring)

%: no passive effects
@: very slow
A: almost no armour, amphibious, 8 rings, camouflage 1, gelatinous body 1,
(nimble swimmer 1), tentacles
a: Renounce Religion


You were on level 5 of the Dungeon.
You worshipped Cheibriados.
Cheibriados was noncommittal.
You visited 2 branches of the dungeon, and saw 3 of its levels.

You collected 16 gold pieces.

Inventory:

Missiles
 f - 3 curare-tipped darts
Wands
 e - a wand of digging (3)
Scrolls
 a - a scroll of fog
 b - a scroll of revelation
Potions
 d - a potion of haste


   Skills:
 - Level 3.0 Fighting
 - Level 2.0 Dodging
 + Level 8.2 Stealth
 - Level 2.0 Unarmed Combat


You had 2 spell levels left.
You didn't know any spells.
Your spell library was empty.

Dungeon Overview and Level Annotations

Branches:
Dungeon (6/15)             Temple (1/1) D:6

Altars:
Ashenzari
Cheibriados
Elyvilon
Fedhas
Gozag
Kikubaaqudgha
Okawaru
Qazlal
Ru
Sif Muna
Trog
Uskayaw
Vehumet
Wu Jian
Xom
Yredelemnul
Zin
The Shining One


Innate Abilities, Weirdness & Mutations

You cannot wear most types of armour.
You are amphibious.
You can wear up to eight rings at the same time.
Your skin changes colour to match your surroundings (Stealth+).
Your rubbery body absorbs attacks. (AC +1, EV +1)
((You are camouflaged when in or above water. (Stealth+)))
You have tentacles for arms and can constrict up to eight enemies at once.


Message History

You squeeze the adder, but do no damage.
The adder is severely wounded.
You constrict the adder. The adder bites you.
An orc wizard comes into view. It is wielding a +0 dagger.
The adder bites you.
You tentacle-slap the adder but do no damage.
You squeeze the adder.
You kill the adder!
Cheibriados appreciates the change of pace.
You barely miss something.
You hear some strange, mumbled words.
A puff of flame appears from out of thin air!
The puff of flame hits you!
You tentacle-slap something but do no damage.
Your squeeze misses something. Something completely misses you.
You tentacle-slap something.
Your tentacle-slap misses something.
Something hits you.
You closely miss something.
Your tentacle-slap misses something.
Something hits you.
* * * LOW HITPOINT WARNING * * *
You barely miss something. You squeeze something. Something barely misses you.
As you read the scroll of fear, it crumbles to dust.
You assume a fearsome visage.
The orc wizard looks frightened!
The orc wizard gestures wildly while chanting.
The orc wizard flickers and vanishes!
You see here a quokka skeleton.
Something hits you.
* * * LOW HITPOINT WARNING * * *
You miss something. Something barely misses you.
You closely miss something. Something completely misses you.
You closely miss something. Something hits you.
* * * LOW HITPOINT WARNING * * *
You miss something. Your squeeze misses something. Something barely misses you.
You miss something. Your squeeze misses something. Something hits you.
* * * LOW HITPOINT WARNING * * *
You tentacle-slap something but do no damage.
Something hits you but does no damage.
You tentacle-slap something but do no damage.
Something hits you.
You die...

l# .. ##############
#. #............. #.
####### #.##..#######.
# #^###.....# #.....#
#. #.##..##.###.#
##..#..# #.
###........#
#.####..###..#### #.
.....!.....###.{@...##
##.....##>
........{......##..##
#..#.#..
####.#...#####.##.##
#...>.. # ##..# #.#...
# #..#.#..
#..#####.#.#..## #o
#.##. #.{............#
#. #. #...####)###....
#. #. #...# #.# ###..
#. .. #..(# #.# ## .


There were no monsters in sight!

Vanquished Creatures
  A hound (D:5)
  An adder (D:5)
  An orc (D:5)
  A quokka (D:5)
4 creatures vanquished.

Notes
Turn   | Place    | Note
-------+----------+-------------------------------------------
     0 | D:5      | Azuregosa the Octopode Delver began the quest for the Orb.
     0 | D:5      | Reached XP level 1. HP: 16/16 MP: 1/1
     1 | D:6      | Noticed a sleepcap
     1 | D:6      | Found a staircase to the Ecumenical Temple.
    11 | Temple   | Entered the Ecumenical Temple
   226 | Temple   | Became a worshipper of Cheibriados the Contemplative
   381 | D:5      | Noticed a hound
   388 | D:5      | Killed a hound
   389 | D:5      | Reached skill level 8 in Stealth
   389 | D:5      | Reached XP level 2. HP: 4/21 MP: 2/2
   389 | D:5      | Reached XP level 3. HP: 5/26 MP: 3/3
   603 | D:5      | HP: 1/26 [something (3)]
   605 | D:5      | Slain by an orc wizard

Illustrated notes

Levels and vault maps discovered:
D:5:      layout_loops_ring, nemelex_diamond_rough_becter
D:6:      nicolae_cairo_tiling_very_big, layout_rooms, grunt_dithmenos_smoke,
          minmay_temple_entry_wispy, uniq_crazy_yiuf_cottage
Temple:   eino_narrow_crystal_temple

Skill      XL: |  1 |
---------------+----+-----
Stealth        | 8 |  8.2
Fighting       | |  3.0
Dodging        | |  2.0
Unarmed Combat | |  2.0

Action                     || total
---------------------------++-------
  Melee: Unarmed           ||    30
         Constrict         ||     4
         Punch             ||     2
         Tentacles         ||     6
    Use: Scroll            ||     1
 Armour: Skin              ||    24
  Dodge: Dodged            ||    19

Table legend: (Time is in decaauts)
 A = Elapsed time spent in this place.
 B = Non-inter-level travel time spent in this place.
 C = Inter-level travel time spent in this place.
 D = Time resting spent in this place.
 E = Time spent auto-exploring this place.
 F = Levels seen in this place.
 G = Mean time per level.
                   A        B        C        D        E       F      G
               +--------+--------+--------+--------+--------+-----+--------+
         Total |    627 |    627 |      0 |    460 |      0 |   3 |  209.0 |
       Dungeon |    390 |    390 |      0 |    260 |      0 |   2 |  195.0 |
        Temple |    237 |    237 |      0 |    200 |      0 |   1 |  237.0 |
               +--------+--------+--------+--------+--------+-----+--------+

Top non-repeatable levels by time:
     D:5: 370 daAuts
  Temple: 237 daAuts
     D:6: 19 daAuts
